 Dungeon Crawl Stone Soup version 0.31.0-32-g396128a36d (webtiles) character file.

Game seed: 15138370666576184381

1815 Curundu the Cleaver (level 8, -3/74 HPs)
             Began as a Minotaur Berserker on Apr 3, 2024.
             Was an Elder of Trog.
             Slain by a vampire (4 damage)
             ... on level 6 of the Dungeon.
             The game lasted 00:12:51 (6441 turns).

Curundu the Cleaver (Minotaur Berserker)            Turns: 6441, Time: 00:12:52

Health: -3/74      AC: 15    Str: 24    XL:     8   Next: 85%
Magic:  7/7        EV:  8    Int:  7    God:    Trog [****..]
Gold:   320        SH:  0    Dex: 10    Spells: 7/7 levels left

rFire   . . .        y - +3 hand axe
rCold   . . .        (no shield)
rNeg    + . .        B - +0 plate armour
rPois   +            (helmet restricted)
rElec   .            (no cloak)
rCorr   .            n - +0 pair of gloves
SInv    .            t - +1 pair of boots "Useechic" {rN+ Int+3}
Will    .....        (no amulet) Stlth
                     k - ring of poison resistance
HPRegen 0.32/turn    (no ring)
MPRegen 0.10/turn

%: no passive effects
@: confused
A: horns 2, retaliatory headbutt
a: Renounce Religion, Berserk, Trog's Hand, Brothers in Arms


You were on level 6 of the Dungeon.
You worshipped Trog.
Trog was greatly pleased with you.
You visited 1 branch of the dungeon, and saw 6 of its levels.
You also visited: Sewer.

You collected 320 gold pieces.

Inventory:

Hand Weapons
 y - a +3 hand axe (weapon)
Missiles
 l - 6 boomerangs (quivered)
Armour
 n - a +0 pair of gloves (worn)
 t - the +1 pair of boots "Useechic" (worn) {rN+ Int+3}
   (You found it on level 4 of the Dungeon)

   Int+3:     It affects your intelligence (+3).
   rN+:       It protects you from negative energy.
 B - a +0 plate armour (worn)
Jewellery
 k - a ring of poison resistance (left hand)
 s - a ring of see invisible
 u - a ring of willpower
 w - an amulet of reflection
 z - a ring of fire
Wands
 r - a wand of light (6)
Scrolls
 e - 3 scrolls of immolation {unknown}
 g - a scroll of blinking {unknown}
 h - 3 scrolls of identify {unknown}
 j - 4 scrolls of teleportation
 m - a scroll of fear {unknown}
 o - a scroll of enchant weapon {unknown}
 p - 2 scrolls of revelation {unknown}
 A - a scroll of noise {unknown}
Potions
 b - 2 potions of might {unknown}
 c - a potion of degeneration {unknown}
 d - 2 potions of haste {unknown}
 f - 5 potions of heal wounds {unknown}
 i - a potion of invisibility {unknown}
 q - 3 potions of enlightenment
 v - a potion of magic {unknown}
 x - 2 potions of curing {unknown}


   Skills:
 + Level 7.9 Fighting
 + Level 9.7 Axes
 + Level 4.1 Armour
 + Level 5.6 Dodging
 + Level 2.6 Stealth


You had 7 spell levels left.
You didn't know any spells.
Your spell library was empty.

Dungeon Overview and Level Annotations

Branches:
Dungeon (6/15)              Sewer (visited)
 Temple: D:4-7

Altars:
Elyvilon
Hepliaklqana
Nemelex Xobeh
Ru
Vehumet
Wu Jian
Zin
The Shining One


Innate Abilities, Weirdness & Mutations

You have a pair of horns on your head.
You reflexively headbutt those who attack you in melee.


Message History

You bump into the rock wall.
The vampire hits you.
The vampire bites you but does no damage.
You hit the vampire but do no damage.
The vampire is severely damaged.
You bump into the rock wall.
The vampire hits you. The vampire barely misses you.
You are too confused!
You hit the vampire but do no damage. You headbutt the vampire.
The vampire is severely damaged.
The vampire gestures at you while chanting.
You are more confused.
You bump into the rock wall.
The vampire barely misses you.
The vampire bites you but does no damage.
The vampire gestures wildly while chanting.
The vampire flickers and vanishes!
Deactivating autopickup; reactivate with Ctrl-A.
An orc priest and a sleepcap come into view.
The orc priest shouts!
You hear a shout! x3
An orc comes into view. It is wielding a +0 war axe.
An orc comes into view. It is wielding a +0 hand axe.
The sleepcap moves out of view.
Something hits you. Something bites you!
Something draws strength from your injuries!
You bump into the rock wall.
Something hits you. Something bites you.
You bump into the rock wall.
You hear some strange, mumbled words.
Something tries to affect you, but you resist.
The orc priest mumbles some strange prayers to Beogh against you.
Beogh smites you!
* * * LOW HITPOINT WARNING * * *
You hear a shout!
Something draws life force from you!
* * * LOW HITPOINT WARNING * * *
You bump into the rock wall.
Something hits you but does no damage. Something bites you but does no damage.
You hit something but do no damage. Your headbutt misses something.
Something hits you.
* * * LOW HITPOINT WARNING * * *
Something bites you.
You die...

#.####.####...##.###o
#..#................
##..................
.'..#..[..........o.
##.##.#.##.#...#..##.##.
#......##.#...#o.......
#.##.####.#...#.###
#.##.# #.#...#.# #...
#..$...@# #.# ###...###
##.# #...# .. ##... ##
####. .# #


You could see an orc priest and an orc.

Vanquished Creatures
  Sigmund (D:3)
  A steam dragon (D:6)
  The ghost of jimmypageman the Slasher, an amateur MiFi (D:3)
  An ogre (D:4)
  2 crocodiles (Sewer)
  A phantom (D:5)
  2 scorpions (D:4)
  5 wights (D:4)
  A bombardier beetle (D:4)
  A bullfrog zombie (D:3)
  A centaur zombie (D:3)
  A jelly (D:4)
  2 gnoll boudas
  2 hounds
  3 sleepcaps
  3 iguanas (D:5)
  A sickly merfolk siren (Sewer)
  A malarious merfolk avatar (Sewer)
  8 gnolls
  9 adders
  A river rat (Sewer)
  A white imp (D:6)
  A dart slug (D:1)
  8 orcs
  4 bats
  6 endoplasms
  7 giant cockroaches
  4 goblins
  3 hobgoblins
  3 jackals (D:2)
  5 quokkas
  14 ball pythons
  3 frilled lizards (Sewer)
  7 kobolds
  25 rats
139 creatures vanquished.

Notes
Turn   | Place    | Note
-------+----------+-------------------------------------------
     0 | D:1      | Curundu the Minotaur Berserker began the quest for the Orb.
     0 | D:1      | Reached XP level 1. HP: 19/19 MP: 0/0
   179 | D:1      | Reached skill level 4 in Axes
   179 | D:1      | Reached XP level 2. HP: 26/27 MP: 1/1
  1244 | D:2      | Reached ** piety under Trog
  1245 | D:2      | Reached XP level 3. HP: 33/33 MP: 2/2
  1675 | D:2      | Found a faded altar of an unknown god.
  1781 | D:3      | Found a hazy altar of Hepliaklqana.
  1782 | D:3      | Found a radiant altar of Vehumet.
  1838 | D:3      | Noticed Sigmund
  1851 | D:3      | Killed Sigmund
  1852 | D:3      | Reached skill level 5 in Axes
  1852 | D:3      | Reached XP level 4. HP: 8/41 MP: 3/3
  1852 | D:3      | Reached XP level 5. HP: 10/47 MP: 4/4
  1985 | D:3      | Found a runed translucent gate.
  1986 | D:3      | Found a runed translucent gate.
  1987 | D:3      | Found a runed translucent gate.
  2074 | D:3      | Found a glowing drain.
  2091 | D:3      | Reached skill level 6 in Axes
  2096 | Sewer    | Entered a sewer
  2196 | Sewer    | Reached XP level 6. HP: 33/55 MP: 5/5
  2290 | Sewer    | Reached skill level 5 in Fighting
  2290 | Sewer    | Reached skill level 1 in Stealth
  2590 | Sewer    | Reached skill level 7 in Axes
  2948 | D:3      | Found a sparkling altar of Nemelex Xobeh.
  2965 | D:3      | Reached *** piety under Trog
  2991 | D:3      | Found a white marble altar of Elyvilon.
  2991 | D:3      | Found a glowing golden altar of the Shining One.
  2991 | D:3      | Found a glowing silver altar of Zin.
  3171 | D:3      | Noticed jimmypageman's ghost (amateur MiFi)
  3324 | D:3      | Killed jimmypageman's ghost
  3325 | D:3      | Reached XP level 7. HP: 62/62 MP: 6/6
  3614 | D:4      | Found a sacrificial altar of Ru.
  3638 | D:4      | Identified the +1 pair of boots "Useechic" {rN+ Int+3}
  3853 | D:4      | Reached skill level 8 in Axes
  4063 | D:4      | Reached skill level 5 in Dodging
  4162 | D:4      | Reached XP level 8. HP: 62/71 MP: 7/7
  4785 | D:5      | Entered Level 5 of the Dungeon
  5146 | D:5      | Reached skill level 9 in Axes
  5548 | D:5      | Found an ornate altar of the Wu Jian Council.
  6062 | D:6      | Reached **** piety under Trog
  6439 | D:6      | HP: 3/74 [something (9)]
  6441 | D:6      | HP: 1/74 [something (2)]
  6441 | D:6      | Slain by a vampire

Illustrated notes

Levels and vault maps discovered:
D:1:      evilmike_arrival_plus, layout_basic
D:2:      layout_basic, shapermc_ecumenical_altar_petra, minmay_misc_feat_tiny,
          minmay_strange_pillars
D:3:      layout_basic, dreamdust_divine_triumvirate,
          nemelex_xobeh_ov_fountains_minmay, mainiacjoe_overflow_divided_tiny,
          gup_sewer_entry_glass, gammafunk_ghost_necromancy, uniq_sigmund
D:4:      cheibrodos_helix_gallery, layout_basic, lemuel_crystal_altar
D:5:      layout_loops_corners, mainiacjoe_overflow_24_doors, serial_aquarium,
          aquarium_bridge_island_small [aquarium_subvault_small_open,
          aquarium_subvault_window, aquarium_subvault_wall,
          aquarium_subvault_bridge, aquarium_subvault_balcony],
          aquarium_bridge_square [aquarium_subvault_bridge,
          aquarium_subvault_bridge, aquarium_subvault_bridge,
          aquarium_subvault_bridge], aquarium_window_1,
          aquarium_window_corridor_1, aquarium_view_2c, aquarium_pool_five
D:6:      layout_loops_cross, grunt_decor_junction, minmay_misc_feat_encased,
          minmay_door_square, nicolae_shop_distant_corner_stores

Skill      XL: |  1  2  3  4  5  6  7  8 |
---------------+-------------------------+-----
Axes           | 4 5 6 7 8 9 |  9.7
Fighting       | 4 5 6 7 |  7.9
Dodging        | 3 4 5 |  5.6
Stealth        | 1 2 |  2.6
Armour         | 4 |  4.1

Action                     |  1- 3 |  4- 6 |  7- 9 || total
---------------------------+-------+-------+-------++-------
  Melee: Hand axe          |    62 |    90 |   173 ||   325
         Headbutt          |     6 |    16 |    33 ||    55
         Punch             |       |       |     1 ||     1
 Invoke: Trog's Hand       |     1 |     2 |       ||     3
         Berserk           |     1 |     3 |     2 ||     6
   Stab: Sleeping          |       |       |     1 ||     1
 Armour: Animal skin       |    54 |    42 |    26 ||   122
         Chain mail        |       |       |    72 ||    72
         Plate armour      |       |       |    20 ||    20
  Dodge: Dodged            |    51 |    48 |    99 ||   198
